 Dungeon Crawl Stone Soup version 0.30-b1-2-g02819fbbbe (webtiles) character file.

Game seed: 521320019430360944

177 Arzdou the Slasher (level 5, 0/42 HPs)
             Began as a Merfolk Monk on May 31, 2023.
             Slain by Grinder (4 damage)
             ... on level 4 of the Dungeon.
             The game lasted 00:03:24 (2658 turns).

Arzdou the Slasher (Merfolk Monk)                   Turns: 2658, Time: 00:03:25

Health: 0/42       AC:  3    Str: 11    XL:     5   Next: 57%
Magic:  5/5        EV: 14    Int: 10    God:
Gold:   198        SH:  0    Dex: 18    Spells: 4/4 levels left

rFire   . . .        a - +0 falchion
rCold   . . .        d - orb {light}
rNeg    . . .        b - +0 robe
rPois   .            k - +0 hat
rElec   .            (no cloak)
rCorr   .            l - +0 pair of gloves
SInv    .            (no boots)
Will    .....        (no amulet)
Stlth   +            (no ring)
HPRegen 0.27/turn    (no ring)
MPRegen 0.09/turn

%: no passive effects
@: mighty, glowing
A: (nimble swimmer 2), mertail
a: no special abilities


You were on level 4 of the Dungeon.
You visited 1 branch of the dungeon, and saw 4 of its levels.

You collected 198 gold pieces.

Inventory:

Hand Weapons
 a - a +0 falchion (weapon)
Armour
 b - a +0 robe (worn)
 d - an orb of light (worn)
 k - a +0 hat (worn)
 l - a +0 pair of gloves (worn)
Scrolls
 e - a scroll of noise {unknown}
 f - 2 scrolls of magic mapping {unknown}
 i - a scroll of fear {unknown}
 n - 5 scrolls of teleportation {unknown}
 q - a scroll of butterflies {unknown}
Potions
 c - a potion of ambrosia
 g - a potion of brilliance
 h - a potion of flight
 m - 3 potions of heal wounds
 o - a potion of degeneration {unknown}
 p - a potion of mutation {unknown}


   Skills:
 - Level 3.8 Fighting
 + Level 6.7 Long Blades
 - Level 4.6 Dodging


You had 4 spell levels left.
You didn't know any spells.
Your spell library contained the following spells:

 Spells                   Type           Power      Damage    Failure   Level
 Freeze                   Ice            0%         1d3       36%         1
 Frozen Ramparts          Ice            0%         1d1       75%         3
 Hailstorm                Conj/Ice       0%         3d3       75%         3
 Vhi's Electric Charge    Tloc/Air       0%         N/A       75%         3
 Arcjolt                  Conj/Air       0%         1d10      100%        5
 Plasma Beam              Fire/Air       0%         2x1d11    100%        6


Dungeon Overview and Level Annotations

Branches:
Dungeon (4/15)
 Temple: D:4-7

Altars:
Ashenzari
Fedhas

Annotations:
D:4 Grinder


Innate Abilities, Weirdness & Mutations

((You are very nimble when in or above water. (Stealth+, EV+, Speed+++)))
Your lower body shifts to a powerful aquatic tail in water.


Message History

The kobold hits you with a +0 club.
You completely miss the kobold.
The kobold is heavily wounded.
The kobold closely misses you.
You hit the kobold.
You kill the kobold!
No target in view!
You pick up a book of Frost and begin reading...
You add the spells Freeze, Frozen Ramparts and Hailstorm to your library.
You now have 198 gold pieces (gained 8).
You see here a staff of death.
Grinder shouts!
Grinder blinks!
You aren't carrying any items that you can evoke.
You feel very mighty all of a sudden. Grinder gestures at you.
Pain shoots through your body!
You slash Grinder!
Grinder is moderately wounded.
Grinder misses you.
You slash Grinder!
Grinder is heavily wounded.
Grinder hits you!
You hit Grinder but do no damage.
Grinder is heavily wounded.
Grinder hits you.
You writhe in agony.
You closely miss Grinder.
Grinder is heavily wounded.
Grinder barely misses you.
You hit Grinder.
Grinder is severely wounded.
You barely miss Grinder.
Grinder is severely wounded.
Grinder hits you.
You writhe in agony.
You slash Grinder!
Grinder is almost dead.
Grinder hits you!
* * * LOW HITPOINT WARNING * * *
You writhe in agony.
You die...

#........#≈#.....#..
#.##.###.#≈#.###....
#.##...#.#≈#.#...#..
####.####.###~###..##..
....# #..............
#..####.########.##.#
##.##.|.# #.##.)
#....### #.##.. #..@##
#.##.. #.#5# #####†##..
#.... #.....##.. ###...
#.....##.. ##...
#.....###. #.#. #####.#
## .##.######.#### .#
.#..<5......
#.#.####.###+


You could see Grinder.

Vanquished Creatures
  An iguana (D:4)
  An orc wizard (D:4)
  5 adders
  A worm (D:3)
  5 dart slugs
  6 orcs
  4 ball pythons
  9 endoplasms
  3 giant cockroaches
  3 goblins
  4 hobgoblins
  2 jackals (D:1)
  2 quokkas
  2 bats
  3 frilled lizards
  6 kobolds
  6 rats
63 creatures vanquished.

Notes
Turn   | Place    | Note
-------+----------+-------------------------------------------
     0 | D:1      | Arzdou the Merfolk Monk began the quest for the Orb.
     0 | D:1      | Reached XP level 1. HP: 18/18 MP: 1/1
    65 | D:1      | Reached XP level 2. HP: 20/24 MP: 2/2
   179 | D:1      | Reached skill level 4 in Long Blades
   631 | D:1      | Reached XP level 3. HP: 30/30 MP: 3/3
  1132 | D:2      | Found a broken altar of Ashenzari.
  1452 | D:2      | Reached XP level 4. HP: 37/37 MP: 4/4
  1513 | D:3      | Found a blossoming altar of Fedhas.
  1514 | D:3      | Found a broken altar of Ashenzari.
  1523 | D:3      | Reached skill level 5 in Long Blades
  2335 | D:4      | Reached skill level 6 in Long Blades
  2335 | D:4      | Reached XP level 5. HP: 40/42 MP: 5/5
  2487 | D:4      | Noticed Grinder
  2489 | D:4      | Paralysed by Grinder for 3 turns
  2491 | D:4      | HP: 1/42 [Grinder (4)]
  2658 | D:4      | Slain by Grinder

Illustrated notes

Levels and vault maps discovered:
D:1:      shiori_arrival_elements, layout_basic, serial_forest,
          infiniplex_forest_lined_room_3, infiniplex_forest_clump_tiny,
          infiniplex_forest_clump_long, infiniplex_forest_straight_2,
          infiniplex_forest_3_way, infiniplex_forest_clump_medium,
          infiniplex_forest_clump_diagonal, infiniplex_forest_end_1
D:2:      layout_basic, basic_altar
D:3:      layout_basic, mainiacjoe_overflow_catwalk_spiral
D:4:      layout_basic, grunt_decor_cap, uniq_eustachio, uniq_grinder

Skill      XL: |  1  2  3  4 |
---------------+-------------+-----
Long Blades    | 4 6 |  6.7
Fighting       | |  3.8
Dodging        | |  4.6

Action                     |  1- 3 |  4- 6 || total
---------------------------+-------+-------++-------
  Melee: Falchion          |    80 |    96 ||   176
         Tailslap          |       |     2 ||     2
    Use: Scroll            |       |     4 ||     4
         Potion            |       |     2 ||     2
   Stab: Sleeping          |     2 |       ||     2
 Armour: Robe              |     7 |    10 ||    17
  Dodge: Dodged            |    49 |    71 ||   120
